 Dungeon Crawl Stone Soup version 0.27-a0-148-g9515ab555c (webtiles) character file.

Game seed: 8922079921027333619

7 shakesphere1979 the Gusty (level 2, 0/22 HPs)
             Began as a Naga Air Elementalist on Jan 26, 2021.
             Slain by a kobold
             ... wielding a +0 whip
              (2 damage)
             ... on level 1 of the Dungeon.
             The game lasted 00:02:13 (215 turns).

shakesphere1979 the Gusty (Naga Air Elementalist)    Turns: 215, Time: 00:02:14

Health: 0/22       AC:  1    Str: 10    XL:     2   Next: 0%
Magic:  4/5        EV: 10    Int: 15    God:
Gold:   0          SH:  0    Dex: 11    Spells: 4/5 levels left

rFire    . . .     SeeInvis +   (no weapon)
rCold    . . .     Faith    .   (no shield)
rNeg     . . .     Spirit   .   a - +0 robe
rPois    +         Reflect  .   (no helmet)
rElec    .         Harm     .   (no cloak)
rCorr    .         Rampage  .   (no gloves)
Will     .....                  (no barding)
Stlth    ++........             (no amulet)
HPRegen  0.07/turn              (no ring)
MPRegen  0.09/turn              (no ring)

@: very slow
A: large, see invisible, deformed body, poison resistance, slowness 2, spit
poison 1, AC +0
a: Spit Poison


You were on level 1 of the Dungeon.
You visited 1 branch of the dungeon, and saw 1 of its levels.

Inventory:

Hand Weapons
 b - a +2 dagger of holy wrath
 d - a cursed -2 mace
Armour
 a - a +0 robe (worn)
Scrolls
 c - a scroll of enchant weapon {unknown}
 e - a scroll of identify {unknown}


   Skills:
 + Level 1.7 Dodging
 + Level 3.0 Stealth
 + Level 2.1 Spellcasting
 + Level 1.0 Conjurations
 + Level 3.3 Air Magic


You had 4 spell levels left.
You knew the following spells:

 Your Spells              Type           Power        Failure   Level
a - Shock                 Conj/Air       32%          9%          1

Your spell library contained the following spells:

 Spells                   Type           Power        Failure   Level
 Swiftness                Air            11%          9%          2
 Static Discharge         Conj/Air       8%           26%         3
 Airstrike                Air            5%           50%         4
 Lightning Bolt           Conj/Air       4%           94%         5


Dungeon Overview and Level Annotations

Branches:
Dungeon (1/15)

Altars:


Innate Abilities, Weirdness & Mutations

You cannot wear boots.
Your serpentine skin is tough. (AC +0)
You have supernaturally acute eyesight. (SInv)
Armour fits poorly on your strangely shaped body.
Your system is resistant to poisons. (rPois)
You cover ground very slowly.
You can spit poison.


Message History

A hobgoblin comes into view.
The hobgoblin shouts!
You hear an angry hiss.
Casting: Shock (safe; 9% risk of failure)
Confirm with . or Enter, or press ? or * to list all spells.
Aiming: Shock (safe; 9% risk of failure)
Press: ? - help, Shift-Dir - straight line, p - kobold
Okay, then.
The kobold closely misses you.
Casting: Shock (safe; 9% risk of failure)
Confirm with . or Enter, or press ? or * to list all spells.
Aiming: Shock (safe; 9% risk of failure)
Press: ? - help, Shift-Dir - straight line, p - kobold The zap hits the kobold.
The kobold is severely wounded.
A leopard gecko comes into view.
The kobold hits you but does no damage. The hobgoblin hits you.
* * * LOW HITPOINT WARNING * * *
The hobgoblin misses you. The kobold hits you with a +0 whip.
You die...

#......#
#......######.
#.............
#.............
#.............
#....)..#####.
#####...#
########...#
+@K....#...#
#.g.##..####
#.^.###(## #l..#
#..#
#...####.#######.#
....+............#
.....###.#.######.#
......# #.#.##
#.#..#


You could see a leopard gecko, a hobgoblin and a kobold.

Vanquished Creatures
  A bat (D:1)
  4 jackals (D:1)
5 creatures vanquished.

Notes
Turn   | Place    | Note
-------+----------+-------------------------------------------
     0 | D:1      | shakesphere1979 the Naga Air Elementalist began the quest
                  | for the Orb.
     0 | D:1      | Reached XP level 1. HP: 15/15 MP: 3/3
   136 | D:1      | Reached XP level 2. HP: 22/22 MP: 1/5
   215 | D:1      | Slain by a kobold

Illustrated notes

Levels and vault maps discovered:
D:1:      nzn_arrival_water_spiral, layout_basic,
          hangedman_decor_clover_reticule, st_stairs_4

Action                   || total
-------------------------++-------
Melee: Unarmed           ||     1
 Cast: Shock             ||     6
 Abil: Spit Poison       ||     5
Armor: Robe              ||     4
Dodge: Dodged            ||     7

Table legend: (Time is in decaauts)
 A = Elapsed time spent in this place.
 B = Non-inter-level travel time spent in this place.
 C = Inter-level travel time spent in this place.
 D = Time resting spent in this place.
 E = Time spent auto-exploring this place.
 F = Levels seen in this place.
 G = Mean time per level.
                   A        B        C        D        E       F      G
               +--------+--------+--------+--------+--------+-----+--------+
         Total |    276 |    276 |      0 |     42 |    114 |   1 |  276.0 |
       Dungeon |    276 |    276 |      0 |     42 |    114 |   1 |  276.0 |
               +--------+--------+--------+--------+--------+-----+--------+

Top non-repeatable levels by time:
     D:1: 276 daAuts
